EL
BILOXI SHUCKERS @ COLORADO (EL) ROCKIES
08/16/2045
 
TOP OF THE 1ST
Biloxi Shuckers batting - Pitching for Colorado (EL) Rockies : LHP Tris Ross
Pitching: LHP Tris Ross
Batting: RHB Logan Morgan 0-0: Ball
1-0: Called Strike
1-1: Foul Ball, location: 2F
1-2: Foul Ball, location: 2F
1-2: Strikes out swinging, 2-3 out at first.
Batting: RHB Gene Sutton 0-0: Ball
1-0: Ground out 5-3 (Groundball, 56, EV 107.5 MPH)
Batting: RHB Steve Byerly 0-0: Called Strike
0-1: Ball
1-1: Ball
2-1: Called Strike
2-2: DOUBLE (Flyball, 8RXD, EV 95.0 MPH)
Batting: LHB Alfredo de la Cruz 0-0: Called Strike
0-1: Called Strike
0-2: Foul Ball, location: 2F
0-2: Ball
1-2: Ball
2-2: Ball
3-2: Foul Ball, location: 2F
3-2: Foul Ball, location: 2F
3-2: Base on Balls
Batting: RHB Matthew Adams 0-0: Ball
1-0: Called Strike
1-1: Swinging Strike
1-2: Strikes out swinging
Top of the 1st over - 0 runs, 1 hit, 0 errors, 2 left on base; Biloxi 0 - Colorado (EL) 0
BOTTOM OF THE 1ST
Colorado (EL) Rockies batting - Pitching for Biloxi Shuckers : RHP Travis Bieberich
Pitching: RHP Travis Bieberich
Batting: SHB Eddie Quinones 0-0: Ball
1-0: Called Strike
1-1: Ball
2-1: Called Strike
2-2: Foul Ball, location: 2F
2-2: Ball
3-2: Strikes out swinging
Batting: LHB Eric Ludwig 0-0: Called Strike
0-1: Ball
1-1: Called Strike
1-2: Ball
2-2: SINGLE (Groundball, 6MD, EV 97.5 MPH)
Batting: SHB Chris Besselman 0-0: Called Strike
0-1: Ball
1-1: Foul Ball, location: 2F
1-2: Ball
2-2: Strikes out swinging
Batting: LHB Koson Hirai 0-0: Ball
1-0: Ball
Eric Ludwig steals 2nd base
2-0: Foul Ball, location: 2F
2-1: SINGLE (Groundball, 56S, EV 70.6 MPH) (infield hit)
Eric Ludwig to third
Batting: RHB Eric Delgado 0-0: Ball
1-0: Fly out, F6 (Popup, 6, EV 76.9 MPH)
Bottom of the 1st over - 0 runs, 2 hits, 0 errors, 2 left on base; Biloxi 0 - Colorado (EL) 0
TOP OF THE 2ND
Biloxi Shuckers batting - Pitching for Colorado (EL) Rockies : LHP Tris Ross
Batting: RHB John Freeman 0-0: Ball
1-0: Foul Ball, location: 2F
1-1: Foul Ball, location: 2F
1-2: Ball
2-2: Foul Ball, location: 2F
2-2: Ball
3-2: Base on Balls
Batting: SHB Mitchell Greene 0-0: Foul Ball, location: 2F
0-1: Ball
1-1: Ball
2-1: Ball
John Freeman steals 2nd base
3-1: Called Strike
3-2: SINGLE (Groundball, 5D, EV 96.9 MPH)
John Freeman to third
Batting: RHB Nick Spiller 0-0: Foul Ball, location: 2F
0-1: Called Strike
0-2: Foul Ball, location: 2F
0-2: Ball
1-2: Strikes out looking
Batting: LHB Aaron Mobley 0-0: Called Strike
0-1: Ball
1-1: Called Strike
1-2: Foul Ball, location: 2F
1-2: Strikes out swinging
Batting: RHB Logan Morgan 0-0: Called Strike
0-1: Ball
1-1: Ball
2-1: Swinging Strike
2-2: Foul Ball, location: 2F
2-2: SINGLE (Groundball, 4MD, EV 110.0 MPH)
John Freeman scores
Mitchell Greene to second
Runner from 2nd tries for 3rd, SAFE, throw by CF made to third
Batting: RHB Gene Sutton 0-0: Called Strike
0-1: Swinging Strike
0-2: Ball
1-2: Ball
2-2: Ball
3-2: Ground out 5-3 (Groundball, 5, EV 84.4 MPH)
Top of the 2nd over - 1 run, 2 hits, 0 errors, 2 left on base; Biloxi 1 - Colorado (EL) 0
BOTTOM OF THE 2ND
Colorado (EL) Rockies batting - Pitching for Biloxi Shuckers : RHP Travis Bieberich
Batting: SHB Patrick Kimmel 0-0: Ball
1-0: Called Strike
1-1: Foul Ball, location: 2F
1-2: Strikes out looking
Batting: RHB Craig Gomez 0-0: Called Strike
0-1: Ball
1-1: Fly out, F9 (Flyball, 9D, EV 103.1 MPH)
Batting: RHB Jerry Edmiston 0-0: Ball
1-0: Called Strike
1-1: Called Strike
1-2: SOLO HOME RUN (Flyball, 9LD, EV 94.4 MPH), Distance : 342 ft
Batting: RHB Steve Waltenbery 0-0: Ground out 5-3 (Groundball, 56S, EV 86.2 MPH)
Bottom of the 2nd over - 1 run, 1 hit, 0 errors, 0 left on base; Biloxi 1 - Colorado (EL) 1
TOP OF THE 3RD
Biloxi Shuckers batting - Pitching for Colorado (EL) Rockies : LHP Tris Ross
Batting: RHB Steve Byerly 0-0: Called Strike
0-1: DOUBLE (Line Drive, 7LM, EV 95.0 MPH)
Batting: LHB Alfredo de la Cruz 0-0: Ball
1-0: SINGLE (Groundball, 6MD, EV 95.6 MPH)
Steve Byerly to third
Batting: RHB Matthew Adams 0-0: Called Strike
0-1: Ball
1-1: Ball
2-1: Foul Ball, location: 2F
2-2: Fly out, F4 (Popup, 4S, EV 70.0 MPH)
Batting: RHB John Freeman 0-0: Called Strike
Alfredo de la Cruz steals 2nd base
0-1: Foul Ball, location: 2F
0-2: Foul Ball, location: 2F
0-2: Strikes out swinging
Batting: SHB Mitchell Greene 0-0: Ball
1-0: Ball
2-0: Called Strike
2-1: Ball
3-1: Base on Balls
Batting: RHB Nick Spiller 0-0: Called Strike
0-1: Called Strike
0-2: Ball
1-2: Fly out, F4 (Line Drive, 4, EV 63.1 MPH)
Top of the 3rd over - 0 runs, 2 hits, 0 errors, 3 left on base; Biloxi 1 - Colorado (EL) 1
BOTTOM OF THE 3RD
Colorado (EL) Rockies batting - Pitching for Biloxi Shuckers : RHP Travis Bieberich
Batting: SHB Eddie Quinones 0-0: Called Strike
0-1: Swinging Strike
0-2: Ball
1-2: Ball
2-2: Foul Ball, location: 2F
2-2: Foul Ball, location: 2F
2-2: Ball
3-2: Ground out 4-3 (Groundball, 4M, EV 81.2 MPH)
Batting: LHB Eric Ludwig 0-0: Foul Ball, location: 2F
0-1: Foul Ball, location: 2F
0-2: Fly out, F7 (Flyball, 7LD, EV 103.8 MPH)
Batting: SHB Chris Besselman 0-0: Called Strike
0-1: Foul Ball, location: 2F
0-2: Strikes out swinging
Bottom of the 3rd over - 0 runs, 0 hits, 0 errors, 0 left on base; Biloxi 1 - Colorado (EL) 1
TOP OF THE 4TH
Biloxi Shuckers batting - Pitching for Colorado (EL) Rockies : LHP Tris Ross
Batting: LHB Aaron Mobley 0-0: Swinging Strike
0-1: Ball
1-1: Swinging Strike
1-2: Strikes out swinging
Batting: RHB Logan Morgan 0-0: Called Strike
0-1: Foul Ball, location: 2F
0-2: Strikes out looking
Batting: RHB Gene Sutton 0-0: Called Strike
0-1: Foul Ball, location: 2F
0-2: Ball
1-2: Ball
2-2: SINGLE (Line Drive, 6MD, EV 94.4 MPH)
Batting: RHB Steve Byerly 0-0: Swinging Strike
0-1: Swinging Strike
0-2: Ground out U3 (Groundball, 34, EV 101.2 MPH)
Top of the 4th over - 0 runs, 1 hit, 0 errors, 1 left on base; Biloxi 1 - Colorado (EL) 1
BOTTOM OF THE 4TH
Colorado (EL) Rockies batting - Pitching for Biloxi Shuckers : RHP Travis Bieberich
Batting: LHB Koson Hirai 0-0: Foul Ball, location: 2F
0-1: Ball
1-1: Foul Ball, location: 2F
1-2: Ball
2-2: Ground out 6-3 (Groundball, 6, EV 103.1 MPH)
Batting: RHB Eric Delgado 0-0: Foul Ball, location: 2F
0-1: Called Strike
0-2: Ball
1-2: Ball
2-2: Foul Ball, location: 2F
2-2: Fly out, F4 (Popup, 13, EV 80.0 MPH)
Batting: SHB Patrick Kimmel 0-0: Fly out, F9 (Flyball, 9D, EV 83.8 MPH)
Bottom of the 4th over - 0 runs, 0 hits, 0 errors, 0 left on base; Biloxi 1 - Colorado (EL) 1
TOP OF THE 5TH
Biloxi Shuckers batting - Pitching for Colorado (EL) Rockies : LHP Tris Ross
Pitching: LHP Su-wu Pi
Batting: LHB Alfredo de la Cruz 0-0: Swinging Strike
0-1: Ground out U3 (Groundball, 23, EV 81.2 MPH)
Batting: RHB Matthew Adams 0-0: Called Strike
0-1: Ball
1-1: Ball
2-1: Called Strike
2-2: Ground out 6-3 (Groundball, 6, EV 86.2 MPH)
Batting: RHB John Freeman 0-0: SINGLE (Line Drive, 8RS, EV 112.5 MPH)
Batting: SHB Mitchell Greene Pickoff Throw to First - Error! E1
John Freeman to second
0-0: Ball
1-0: Ball
2-0: Called Strike
2-1: Swinging Strike
2-2: Foul Ball, location: 2F
2-2: Strikes out looking
Top of the 5th over - 0 runs, 1 hit, 1 error, 1 left on base; Biloxi 1 - Colorado (EL) 1
BOTTOM OF THE 5TH
Colorado (EL) Rockies batting - Pitching for Biloxi Shuckers : RHP Travis Bieberich
Batting: RHB Craig Gomez 0-0: Foul Ball, location: 2F
0-1: Ball
1-1: Swinging Strike
1-2: Foul Ball, location: 2F
1-2: Strikes out swinging
Batting: RHB Jerry Edmiston 0-0: Reached on error, E2 (Groundball, 13S, EV 67.5 MPH)
Batting: RHB Steve Waltenbery 0-0: Ball
1-0: Called Strike
1-1: Ball
2-1: Swinging Strike
2-2: Fly out, F9 (Flyball, 9S, EV 89.4 MPH)
Batting: SHB Eddie Quinones 0-0: Ball
1-0: Swinging Strike
1-1: Called Strike
1-2: SINGLE (Groundball, 34D, EV 84.4 MPH) (infield hit)
Jerry Edmiston to third
Batting: LHB Eric Ludwig 0-0: Foul Ball, location: 2F
0-1: Ball
1-1: Ball
2-1: Ball
3-1: Called Strike
3-2: Base on Balls
Eddie Quinones to second
Batting: SHB Chris Besselman 0-0: Called Strike
0-1: Ball
1-1: Ball
2-1: Foul Ball, location: 2F
2-2: Foul Ball, location: 2F
2-2: Foul Ball, location: 2F
2-2: Ball
3-2: Foul Ball, location: 2F
3-2: Base on Balls
Jerry Edmiston scores
Eddie Quinones to third
Eric Ludwig to second
Pitching: LHP Matt Hirschi
Batting: LHB Koson Hirai 0-0: Foul Ball, location: 2F
0-1: Ball
1-1: Swinging Strike
1-2: Ball
2-2: Strikes out swinging
Bottom of the 5th over - 1 run, 1 hit, 1 error, 3 left on base; Biloxi 1 - Colorado (EL) 2
TOP OF THE 6TH
Biloxi Shuckers batting - Pitching for Colorado (EL) Rockies : LHP Su-wu Pi
Batting: RHB Nick Spiller 0-0: Ground out U3 (Groundball, 13, EV 86.9 MPH)
Pinch Hitting: RHB Matt Saunders 0-0: Foul Ball, location: 2F
0-1: Foul Ball, location: 2F
0-2: Strikes out swinging
Batting: RHB Logan Morgan 0-0: Ball
1-0: Ball
2-0: SINGLE (Groundball, 56D, EV 95.0 MPH)
Batting: RHB Gene Sutton 0-0: Ball
1-0: Called Strike
1-1: Called Strike
Logan Morgan is caught stealing 2nd base 2-4
Top of the 6th over - 0 runs, 1 hit, 0 errors, 0 left on base; Biloxi 1 - Colorado (EL) 2
BOTTOM OF THE 6TH
Colorado (EL) Rockies batting - Pitching for Biloxi Shuckers : LHP Matt Hirschi
Now at 1B: Matthew Adams
Now at SS: Steve Byerly
Now in LF: Matt Saunders
Batting: RHB Eric Delgado 0-0: Reached on error, E8 (Flyball, 78M, EV 89.4 MPH)
Batting: SHB Patrick Kimmel 0-0: Ball
1-0: Foul Ball, location: 2F
1-1: Fly out, F7 (Flyball, 7LM, EV 97.5 MPH)
Batting: RHB Craig Gomez 0-0: Ball
1-0: Ball
2-0: Ball
Wild Pitch!
Eric Delgado to second
3-0: Called Strike
3-1: Base on Balls
Batting: RHB Jerry Edmiston 0-0: Ball
1-0: Foul Ball, location: 2F
1-1: Foul Ball, location: 2F
1-2: Foul Ball, location: 2F
1-2: Fielders Choice at 2nd, 6-4 (Groundball, 6, EV 90.6 MPH)
Eric Delgado to third
Batting: RHB Steve Waltenbery 0-0: Swinging Strike
0-1: Called Strike
0-2: Ball
1-2: Ball
2-2: Ball
3-2: Ground out 4-3 (Groundball, 4S, EV 81.9 MPH)
Bottom of the 6th over - 0 runs, 0 hits, 1 error, 2 left on base; Biloxi 1 - Colorado (EL) 2
TOP OF THE 7TH
Biloxi Shuckers batting - Pitching for Colorado (EL) Rockies : LHP Su-wu Pi
Batting: RHB Gene Sutton 0-0: Called Strike
0-1: Foul Ball, location: 2F
0-2: Ball
1-2: Strikes out swinging
Batting: RHB Steve Byerly 0-0: Swinging Strike
0-1: Ball
1-1: Ball
2-1: Called Strike
2-2: Ball
3-2: DOUBLE (Groundball, 5L, EV 99.4 MPH)
Batting: LHB Alfredo de la Cruz 0-0: Ground out U3 (Groundball, 13, EV 91.9 MPH)
Steve Byerly to third
Batting: RHB Matthew Adams 0-0: Called Strike
0-1: Swinging Strike
0-2: Foul Ball, location: 2F
0-2: Foul Ball, location: 2F
0-2: Foul Ball, location: 2F
0-2: Ball
1-2: Ball
2-2: Ball
3-2: Fly out, F7 (Flyball, 7LM, EV 91.2 MPH)
Top of the 7th over - 0 runs, 1 hit, 0 errors, 1 left on base; Biloxi 1 - Colorado (EL) 2
BOTTOM OF THE 7TH
Colorado (EL) Rockies batting - Pitching for Biloxi Shuckers : LHP Matt Hirschi
Batting: SHB Eddie Quinones 0-0: Ball
1-0: Ball
2-0: DOUBLE (Line Drive, 9LM, EV 113.1 MPH)
Batting: LHB Eric Ludwig 0-0: Bunted foul
0-1: Sac Bunt to 3S - play at first, batter OUT! 3-1
Eddie Quinones to third
Batting: SHB Chris Besselman 0-0: Called Strike
0-1: Ground out 3-1 (Groundball, 34S, EV 81.9 MPH)
Batting: LHB Koson Hirai 0-0: Called Strike
0-1: Ball
1-1: Foul Ball, location: 2F
1-2: Fly out, F6 (Popup, 6MS, EV 67.5 MPH)
Bottom of the 7th over - 0 runs, 1 hit, 0 errors, 1 left on base; Biloxi 1 - Colorado (EL) 2
TOP OF THE 8TH
Biloxi Shuckers batting - Pitching for Colorado (EL) Rockies : LHP Su-wu Pi
Pitching: RHP Willie Lasso
Batting: RHB John Freeman 0-0: Called Strike
0-1: SINGLE (Groundball, 56D, EV 103.1 MPH)
Batting: SHB Mitchell Greene 0-0: Ball
1-0: Bunted foul
1-1: Ball
2-1: Sac Bunt to 15 - play at first, batter OUT! 1-4
John Freeman to second
Batting: RHB Nick Spiller 0-0: Ball
1-0: Called Strike
1-1: DOUBLE (Line Drive, 78D, EV 105.0 MPH)
John Freeman scores
Pinch Hitting: LHB Joe Vida 0-0: Ball
1-0: Foul Ball, location: 2F
1-1: Ball
2-1: Foul Ball, location: 2F
2-2: Foul Ball, location: 2F
2-2: Ball
3-2: Foul Ball, location: 2F
3-2: Base on Balls
Batting: RHB Logan Morgan 0-0: Ball
1-0: Fly out, F8 (Line Drive, 8RM, EV 89.4 MPH)
Batting: LHB Andy Sanchez 0-0: Ball
1-0: DOUBLE (Line Drive, 7LS, EV 95.6 MPH)
Nick Spiller scores
Joe Vida to third
Runner from 3rd tries for Home, SAFE, no throw by LF
Batting: RHB Steve Byerly 0-0: Fly out, F9 (Flyball, 9D, EV 96.9 MPH)
Top of the 8th over - 3 runs, 3 hits, 0 errors, 1 left on base; Biloxi 4 - Colorado (EL) 2
BOTTOM OF THE 8TH
Colorado (EL) Rockies batting - Pitching for Biloxi Shuckers : LHP Matt Hirschi
Pitching: LHP Trevor Sharp
Now at 1B: Vinny Estrada
Now in LF: Alfredo de la Cruz
Now in RF: Matthew Adams
Batting: RHB Eric Delgado 0-0: Ball
1-0: Ground out 5-3 (Groundball, 56, EV 97.5 MPH)
Batting: SHB Patrick Kimmel 0-0: Ground out 6-3 (Groundball, 56, EV 80.6 MPH)
Batting: RHB Craig Gomez 0-0: Ball
1-0: Ground out U3 (Groundball, 3L, EV 91.2 MPH)
Bottom of the 8th over - 0 runs, 0 hits, 0 errors, 0 left on base; Biloxi 4 - Colorado (EL) 2
TOP OF THE 9TH
Biloxi Shuckers batting - Pitching for Colorado (EL) Rockies : RHP Willie Lasso
Pitching: RHP Clay Redman
Batting: LHB Alfredo de la Cruz 0-0: Foul Ball, location: 2F
0-1: Swinging Strike
0-2: Ball
1-2: Fly out, F2 (Popup, 25F, EV 85.6 MPH)
Batting: RHB Matthew Adams 0-0: Ball
1-0: Ground out 5-3 (Groundball, 5S, EV 78.8 MPH)
Batting: RHB John Freeman 0-0: Ball
1-0: Ball
2-0: Ball
3-0: Called Strike
3-1: Fly out, F9 (Flyball, 9LM, EV 90.0 MPH)
Top of the 9th over - 0 runs, 0 hits, 0 errors, 0 left on base; Biloxi 4 - Colorado (EL) 2
BOTTOM OF THE 9TH
Colorado (EL) Rockies batting - Pitching for Biloxi Shuckers : LHP Trevor Sharp
Pitching: RHP Julian Urbina
Batting: RHB Jerry Edmiston 0-0: Fly out, F8 (Flyball, 89M, EV 88.8 MPH)
Batting: RHB Steve Waltenbery 0-0: Ball
1-0: Ball
2-0: Foul Ball, location: 2F
2-1: Foul Ball, location: 2F
2-2: Foul Ball, location: 2F
2-2: Fly out, F7 (Flyball, 78D, EV 95.0 MPH)
Batting: SHB Eddie Quinones 0-0: Called Strike
0-1: Foul Ball, location: 2F
0-2: Ball
1-2: Ball
2-2: SINGLE (Line Drive, 7LS, EV 103.1 MPH)
Batting: LHB Eric Ludwig 0-0: Ball
1-0: Foul Ball, location: 2F
1-1: Ball
2-1: Called Strike
2-2: Strikes out looking
Bottom of the 9th over - 0 runs, 1 hit, 0 errors, 1 left on base; Biloxi 4 - Colorado (EL) 2
Wednesday, June 22nd , 2022 - OOTP Baseball 23.4 Build 64